 Dungeon Crawl Stone Soup version 0.28-a0-384-g9e0c098162 (webtiles) character file.

Game seed: 15949386692968593110

5101 Tialis the Grappler (level 10, 0/94 HPs)
             Began as an Octopode Fighter on Sept 2, 2021.
             Was a Priest of Uskayaw.
             Slain by an ogre (18 damage)
             ... on level 9 of the Dungeon.
             The game lasted 01:01:03 (14122 turns).

Tialis the Grappler (Octopode Fighter)             Turns: 14122, Time: 01:01:04

Health: 0/94       AC: 25    Str: 16    XL:     10   Next: 57%
Magic:  13/14      EV:  2    Int: 13    God:    Uskayaw [***...]
Gold:   379        SH:  6    Dex: 12    Spells: 11/15 levels left

rFire   . . .      SeeInvis .     - Unarmed
rCold   . . .      Faith    .   a - +1 buckler
rNeg    + + +      Spirit   .   (helmet currently unavailable)
rPois   +          Reflect  .   (no amulet)
rElec   .          Harm     .   h - ring of resist corrosion
rCorr   +          Rampage  .   y - ring of resist corrosion
Will    .....      NoTele   +   (no ring)
Stlth   ++++......              (no ring)
HPRegen 0.25/turn               (no ring)
MPRegen 0.14/turn               (no ring)
                                (no ring)
                                (no ring)

@: tree-form, wereblooded (expiring)
A: stationary, stasis, torment immunity, boosted hp, almost no armour,
(amphibious), 8 rings, (camouflage 1), (gelatinous body 1), (nimble swimmer 1),
(tentacles)
a: Renounce Religion, Stomp, Line Pass


You were on level 9 of the Dungeon.
You worshipped Uskayaw.
Uskayaw was noncommittal.
You were a tree.
You visited 2 branches of the dungeon, and saw 10 of its levels.

You collected 379 gold pieces.

Inventory:

Missiles
 e - 21 poisoned darts
 g - 4 atropa-tipped darts
 k - 67 stones (quivered)
Armour
 a - a +1 buckler (worn)
Jewellery
 h - a ring of resist corrosion (left branch)
 y - a ring of resist corrosion (right branch)
Wands
 u - a wand of iceblast (3)
Scrolls
 c - 2 scrolls of identify
 j - 2 scrolls of amnesia
 l - a scroll of vulnerability {unknown}
 n - 3 scrolls of fog
 r - 2 scrolls of immolation
 v - a scroll of enchant weapon
Potions
 f - 4 potions of brilliance
 i - 2 potions of mutation
 m - a potion of resistance
 o - a potion of curing
 q - a potion of magic


   Skills:
 - Level 4.0 Fighting
 + Level 8.1 Dodging
 - Level 8.0 Stealth
 - Level 4.0 Shields
 * Level 8.8 Unarmed Combat
 - Level 3.0 Spellcasting
 - Level 2.0 Summonings
 - Level 2.0 Transmutations
 - Level 6.0 Invocations
 - Level 2.0 Evocations


You had 11 spell levels left.
You knew the following spells:

 Your Spells              Type           Power      Damage    Failure   Level
a - Beastly Appendage     Tmut           14%        N/A       10%         1
b - Wereblood             Tmut           7%         N/A       16%         2
c - Shock                 Conj/Air       4%         1d3       22%         1

Your spell library contained the following spells:

 Spells                   Type           Power      Damage    Failure   Level
 Summon Small Mammal      Summ           28%        N/A       10%         1
 Apportation              Tloc           2%         N/A       22%         1
 Call Canine Familiar     Summ           7%         N/A       30%         3
 Scorch                   Fire           2%         2d5       34%         2
 Spider Form              Tmut/Pois      2%         N/A       41%         3
 Summon Guardian Golem    Hex/Summ       4%         N/A       41%         3
 Gell's Gravitas          Tloc           0%         N/A       56%         3
 Lesser Beckoning         Tloc           1%         N/A       56%         3
 Swiftness                Air            1%         N/A       56%         3
 Teleport Other           Tloc           1%         N/A       56%         3
 Airstrike                Air            0%         N/A       92%         4
 Animate Dead             Necr           0%         N/A       92%         4
 Alistair's Intoxication  Tmut/Pois      2%         N/A       99%         5
 Fireball                 Conj/Fire      0%         3d3       99%         5
 Invisibility             Hex            0%         N/A       100%        6
 Summon Cactus Giant      Summ           3%         N/A       100%        6
 Haunt                    Necr/Summ      2%         N/A       100%        7
 Infestation              Necr           0%         N/A       100%        8


Dungeon Overview and Level Annotations

Branches:
Dungeon (9/15)             Temple (1/1) D:6             Orc (0/2) D:9
   Lair: D:8-11

Altars:
Gozag
Kikubaaqudgha
Makhleb
Okawaru
Sif Muna
Trog
Uskayaw
Xom
The Shining One

Shops:
D:4 (   D:9 [


Innate Abilities, Weirdness & Mutations

You are a tree.
Your roots penetrate the ground, keeping you stationary.
You cannot be teleported.
You are immune to unholy pain and torment.
Your maximum health is greatly increased.
You cannot wear most types of armour.
((You are amphibious.))
You can wear up to eight rings at the same time.
((Your skin changes colour to match your surroundings (Stealth+).))
((Your rubbery body absorbs attacks. (AC +1, EV +1)))
((You are camouflaged near water. (Stealth+)))
((You have tentacles for arms and can constrict up to eight enemies at once.))


Message History

The orc warrior is heavily wounded.
You constrict the orc warrior, but do no damage.
The orc warrior misses you.
You tentacle-slap the orc warrior.
You pierce the orc warrior, but do no damage.
The orc warrior is severely wounded.
You constrict the orc warrior, but do no damage.
The orc warrior closely misses you.
You tentacle-slap the orc warrior but do no damage.
You pierce the orc warrior, but do no damage.
You squeeze the orc warrior, but do no damage.
The orc warrior is severely wounded.
You constrict the orc warrior.
The orc warrior hits you with a +0 flail.
* * * LOW HITPOINT WARNING * * *
You completely miss the orc warrior. You squeeze the orc warrior.
The orc warrior is almost dead.
You constrict the orc warrior.
You feel a bit better.
You kill the orc warrior!
Uskayaw will force your foes to helplessly watch your dance.
Uskayaw prepares the audience for your solo!
Your life force feels restored.
The helpless ogre fails to defend itself.
You batter the ogre!!
You pierce the ogre.
You feel a bit better.
You kill the ogre!
You hear a bellow!
The gnoll sergeant is no longer paralysed.
The ogre is no longer paralysed.
You block the ogre's attack. You block the gnoll sergeant's attack.
The gnoll sergeant hits you from afar with a +0 trident!
* * * LOW HITPOINT WARNING * * *
Items here: ))) [ †.
The gnoll sergeant is no longer paralysed.
Really quaff the potion of lignification?
Your tentacle spike disappears.
You turn into a tree.
Your roots penetrate the ground.
Your primal bloodlust is almost over.
You block the gnoll sergeant's attack.
The ogre hits you with a +0 giant spiked club!!
You die...

).## ...# #......## ...#
#..[..... ...##
+........ ....###
#........ ......#
#........ ......#
#........ ......#
#########...Y....
......#
#.....O♣.........
#######
#.###g###........
#.#8gg.8#.......)
########.#gKggK#..(.....
#........#Oogog#........
#.....####..Kgo#........
###)....#
#8...8#.....(..
..#.))..#
#######........
.)'.....######


You could see a yak, an ogre and 3 gnoll sergeants.

Vanquished Creatures
  A kobold demonologist (D:8)
  Sigmund (D:6)
  A wraith (D:7)
  A steam dragon (D:9)
  Duvessa (D:7)
  A hornet zombie (D:8)
  4 orc warriors
  An ice beast (D:5)
  3 black bears
  A sky beast (D:5)
  5 necrophages
  5 ogres
  3 centaurs
  2 phantoms
  3 kobold brigands
  2 bullfrogs
  A scorpion (D:5)
  Dowan (D:7)
  19 wights
  The ghost of varamyr the Firebug, a weakling GrFE (D:3)
  A bullfrog zombie (D:5)
  2 centaur zombies
  A hound (D:6)
  5 orc priests
  2 bullfrog skeletons (D:6)
  A jelly (D:6)
  4 iguanas
  7 orc wizards
  2 mummies (D:9)
  3 howler monkey zombies (D:9)
  2 howler monkey skeletons (D:6)
  11 adders
  A white imp (D:6)
  An ufetubus (D:4)
  A worm (D:2)
  3 dart slugs
  27 orcs
  5 bats
  An endoplasm (D:1)
  2 giant cockroaches
  6 goblins
  4 hobgoblins
  5 jackals (D:1)
  14 kobolds
  4 quokkas
  7 ball pythons
  A frilled lizard (D:3)
  3 rats
183 creatures vanquished.

Notes
Turn   | Place    | Note
-------+----------+-------------------------------------------
     0 | D:1      | Tialis the Octopode Fighter began the quest for the Orb.
     0 | D:1      | Reached XP level 1. HP: 16/16 MP: 1/1
    77 | D:1      | Reached XP level 2. HP: 20/21 MP: 2/2
   536 | D:1      | Found a faded altar of an unknown god.
  1123 | D:2      | Reached skill level 1 in Stealth
  1123 | D:2      | Reached XP level 3. HP: 25/26 MP: 3/3
  1589 | D:2      | Found a hide-covered altar of Uskayaw.
  1800 | D:2      | Reached XP level 4. HP: 31/31 MP: 4/4
  2440 | D:3      | Found a bloodstained altar of Trog.
  2440 | D:3      | Found a shimmering blue altar of Sif Muna.
  2464 | D:2      | Became a worshipper of Uskayaw the Reveller
  2599 | D:3      | Found a burning altar of Makhleb.
  2603 | D:3      | Found a glowing golden altar of the Shining One.
  2640 | D:3      | Reached * piety under Uskayaw
  2646 | D:3      | Reached ** piety under Uskayaw
  2708 | D:3      | Reached skill level 5 in Stealth
  2708 | D:3      | Reached XP level 5. HP: 21/36 MP: 5/5
  2710 | D:3      | Reached *** piety under Uskayaw
  2849 | D:3      | Found a transporter.
  3301 | D:3      | Noticed an ogre
  3301 | D:3      | Noticed varamyr's ghost (weakling GrFE)
  3310 | D:3      | Found a transporter.
  3998 | D:4      | Found an iron altar of Okawaru.
  4101 | D:4      | Found Bischestus's Weapon Shop.
  4132 | D:4      | Noticed a centaur
  4146 | D:4      | Reached **** piety under Uskayaw
  4148 | D:4      | Killed a centaur
  4149 | D:4      | Reached XP level 6. HP: 16/42 MP: 6/6
  4394 | D:4      | Learned a level 1 spell: Beastly Appendage
  4728 | D:4      | Found an opulent altar of Gozag.
  4756 | D:5      | Entered Level 5 of the Dungeon
  4759 | D:5      | Noticed a sky beast
  4783 | D:5      | Noticed a black bear
  4859 | D:5      | Noticed a black bear
  5241 | D:5      | Killed a sky beast
  5242 | D:5      | Reached XP level 7. HP: 28/46 MP: 7/7
  5478 | D:5      | Reached skill level 5 in Dodging
  5478 | D:5      | Reached skill level 5 in Unarmed Combat
  5628 | D:5      | Reached skill level 1 in Summonings
  5799 | D:5      | HP: 2/46 [ogre (15)]
  5801 | D:5      | Reached skill level 1 in Spellcasting
  6174 | D:5      | Reached XP level 8. HP: 52/52 MP: 9/11
  6194 | D:5      | Reached skill level 1 in Transmutations
  6258 | D:5      | Reached skill level 1 in Invocations
  6338 | D:5      | Found an ancient bone altar of Kikubaaqudgha.
  7470 | D:6      | Noticed Sigmund
  8734 | D:6      | Found a staircase to the Ecumenical Temple.
  8744 | Temple   | Entered the Ecumenical Temple
  9053 | D:6      | Killed Sigmund
  9054 | D:6      | Reached XP level 9. HP: 49/56 MP: 10/12
  9596 | D:7      | Learned a level 2 spell: Wereblood
  9688 | D:7      | Noticed Duvessa
 10850 | D:7      | Noticed Dowan
 10862 | D:7      | Killed Dowan
 10908 | D:7      | Killed Duvessa
 11216 | D:6      | HP: 2/57 [orc wizard (3)]
 11770 | D:3      | Killed varamyr's ghost
 12062 | D:8      | Learned a level 1 spell: Shock
 12221 | D:8      | Reached XP level 10. HP: 48/63 MP: 12/14
 12633 | D:8      | Reached skill level 5 in Invocations
 12770 | D:8      | Noticed a kobold demonologist
 12840 | D:8      | Noticed a soul eater
 12844 | D:8      | Killed a kobold demonologist
 13282 | D:9      | Found Zyfinuri's Antique Armour Shoppe.
 13875 | D:9      | Reached ***** piety under Uskayaw
 14104 | D:9      | Found a staircase to the Orcish Mines.
 14122 | D:9      | Slain by an ogre

Illustrated notes

Levels and vault maps discovered:
D:1:      minmay_arrival_arboretum_small, layout_basic,
          ebering_ecumenical_altar_box
D:2:      layout_loops_cross, basic_altar, st_stairs_4
D:3:      layout_basic, grunt_temple_overflow_open, gammafunk_ghost_smash
D:4:      layout_loops_ring, kennysheep_okawaru_gauntlet,
          mainiacjoe_overflow_alcove_4, serial_shops, shop
D:5:      layout_loops_corners, marbit_many_paths
D:6:      layout_basic, temple_hall, uniq_sigmund
D:7:      layout_loops_ring, kennysheep_generic_room_14, uniq_duvessa
D:8:      layout_layer_cave
D:9:      layout_gridville, kennysheep_orc_monster_closet_entryway,
          serial_undead, serial_undead_d, serial_undead_c, serial_undead_b,
          serial_undead_e, serial_shops, nicolae_square_shop
Temple:   eino_wide_crystal_templ

Skill      XL: |  1  2  3  4  5  6  7  8  9 10 |
---------------+-------------------------------+-----
Shields        | 4 |  4.0
Stealth        | 1 3 5 7 8 |  8.0
Dodging        | 4 5 7 8 |  8.1
Unarmed Combat | 3 4 5 7 8 |  8.8
Summonings     | 1 2 |  2.0
Evocations     | 2 |  2.0
Spellcasting   | 2 3 |  3.0
Transmutations | 1 2 |  2.0
Invocations    | 2 4 6 |  6.0
Fighting       | 4 |  4.0

Action                   |  1- 3 |  4- 6 |  7- 9 | 10-12 || total
-------------------------+-------+-------+-------+-------++-------
Melee: Unarmed           |    86 |   104 |   228 |   111 ||   529
       Constrict         |    24 |    22 |    43 |    25 ||   114
       Tentacles         |    20 |    31 |    49 |    22 ||   122
       Punch             |     1 |     1 |    11 |    12 ||    25
       Kick              |       |     1 |    53 |    22 ||    76
Throw: Stone             |     1 |    22 |    16 |    20 ||    59
       Dart              |       |       |    37 |     3 ||    40
 Cast: Beastly Appendage |       |     1 |    35 |    18 ||    54
       Wereblood         |       |       |       |     7 ||     7
Invok: Stomp             |       |       |     1 |       ||     1
Evoke: Wand              |       |       |    45 |     9 ||    54
  Use: Potion            |       |     1 |    10 |     3 ||    14
       Scroll            |       |     2 |    16 |     1 ||    19
 Stab: Sleeping          |     4 |     7 |     4 |     4 ||    19
       Paralysed         |       |     2 |     9 |     9 ||    20
Armor: Skin              |     4 |     3 |     8 |     2 ||    17
Dodge: Dodged            |    44 |    54 |   138 |    51 ||   287
Block: Buckler           |    16 |    17 |    41 |    28 ||   102

Table legend: (Time is in decaauts)
 A = Elapsed time spent in this place.
 B = Non-inter-level travel time spent in this place.
 C = Inter-level travel time spent in this place.
 D = Time resting spent in this place.
 E = Time spent auto-exploring this place.
 F = Levels seen in this place.
 G = Mean time per level.
                   A        B        C        D        E       F      G
               +--------+--------+--------+--------+--------+-----+--------+
         Total |  14103 |  13120 |    983 |   2976 |   7083 |  10 | 1410.3 |
       Dungeon |  14101 |  13118 |    983 |   2976 |   7083 |   9 | 1566.8 |
        Temple |      1 |      1 |      0 |      0 |      0 |   1 |    1.0 |
               +--------+--------+--------+--------+--------+-----+--------+

Top non-repeatable levels by time:
     D:6: 2743 daAuts
     D:5: 2018 daAuts
     D:7: 1995 daAuts
     D:2: 1463 daAuts
     D:4: 1342 daAuts
     D:8: 1318 daAuts
     D:3: 1260 daAuts
     D:1: 1077 daAuts
     D:9: 882 daAuts
  Temple: 1 daAuts
